 Seeded DCSS version 0.28-a0-883-gc8d7bad45d (webtiles) character file.

Game seed: 20211121 (custom seed)

8 a11behringer the Shield-Bearer (level 2, -1/24 HPs)
             Began as a Formicid Fighter on Nov 21, 2021.
             Succumbed to a kobold's poison
             ... on level 1 of the Dungeon.
             The game lasted 00:01:15 (344 turns).

a11behringer the Shield-Bearer (Formicid Fighter)    Turns: 344, Time: 00:01:16

Health: -1/24      AC:  6    Str: 20    XL:     2   Next: 15%
Magic:  2/2        EV:  9    Int:  7    God:
Gold:   0          SH:  4    Dex: 10    Spells: 1/1 levels left

rFire   . . .      SeeInvis +   a - +0 long sword
rCold   . . .      Faith    .   c - +0 buckler
rNeg    . . .      Spirit   .   b - +0 scale mail
rPois   .          Reflect  .   (helmet unavailable)
rElec   .          Harm     .   (no cloak)
rCorr   .          Rampage  .   (no gloves)
Will    .....                   (no boots)
Stlth   ..........              (no amulet)
HPRegen 0.08/turn               (no ring)
MPRegen 0.08/turn               (no ring)

@: lethally poisoned (-1 -> -17)
A: permanent stasis, dig shafts and tunnels, antennae 3, four strong arms
a: Dig, Shaft Self


You were on level 1 of the Dungeon.
You visited 1 branch of the dungeon, and saw 1 of its levels.

Inventory:

Hand Weapons
 a - a +0 long sword (weapon)
Armour
 b - a +0 scale mail (worn)
 c - a +0 buckler (worn)
Scrolls
 e - a scroll of fear
 f - a scroll of identify {unknown}
Potions
 d - a potion of might
 g - a potion of flight {unknown}


   Skills:
 + Level 3.5 Fighting
 * Level 2.1 Long Blades
 + Level 3.4 Armour
 + Level 3.8 Shields


You had one spell level left.
You didn't know any spells.
Your spell library was empty.

Dungeon Overview and Level Annotations

Branches:
Dungeon (1/15)

Altars:


Innate Abilities, Weirdness & Mutations

You cannot be hasted, slowed, berserked, paralysed or teleported.
You can dig through walls and to a lower floor.
You have a pair of large antennae on your head. (SInv)
Your four strong arms can wield two-handed weapons with a shield.


Message History

Things that are here:
a +0 dagger; a kobold corpse The frilled lizard hisses angrily.
The frilled lizard barely misses you.
You barely miss the frilled lizard. The frilled lizard misses you.
The frilled lizard bites you but does no damage.
You hit the frilled lizard.
You kill the frilled lizard!
You see here a frilled lizard corpse.
You see here a frilled lizard corpse.
g - a green potion You see here 22 arrows.
You see here a frilled lizard corpse.
A kobold comes into view. It is wielding a +0 dagger of venom.
The kobold shouts!
A kobold is nearby!
You block the kobold's attack.
You barely miss the kobold. The kobold hits you but does no damage.
You are poisoned.
You closely miss the kobold.
You feel very sick. You block the kobold's attack.
The kobold barely misses you.
You barely miss the kobold.
You feel sick. The kobold closely misses you.
You barely miss the kobold.
You feel sick. The kobold hits you but does no damage.
You are more poisoned.
You closely miss the kobold.
You feel very sick. The kobold hits you but does no damage.
You are lethally poisoned!
The kobold misses you.
You hit the kobold but do no damage.
You feel very sick. The kobold hits you but does no damage.
You are more poisoned.
You hit the kobold.
You kill the kobold!
* * * LOW HITPOINT WARNING * * *
You feel very sick.
You die...

#........#.........# #.#
#####..................#
#.#
#...#.....)....#.........
..#
#...#.(........#.#####+##
## #...#........#.#.# ##
#...#........#...# ##
#...#.†......#...# ##
#...#........#...# #.
#....(.......#..@# #.
###....#######.#.# #.
#....# #.#.. #. #....#
#.#..# #. #....# #.#...
## ###### #.#.# ## #.#.#
## +.#.# ## { ##


There were no monsters in sight!

Vanquished Creatures
  2 endoplasms (D:1)
  A hobgoblin (D:1)
  A frilled lizard (D:1)
  4 kobolds (D:1)
8 creatures vanquished.

Notes
Turn   | Place    | Note
-------+----------+-------------------------------------------
     0 | D:1      | a11behringer the Formicid Fighter began the quest for the
                  | Orb.
     0 | D:1      | Reached XP level 1. HP: 18/18 MP: 1/1
   252 | D:1      | Reached XP level 2. HP: 20/24 MP: 2/2
   344 | D:1      | Succumbed to a kobold's poison

Illustrated notes

Levels and vault maps discovered:
D:1:      minmay_arrival_glassed_features, layout_basic,
          hellmonk_ecumenical_altar_leap_of_faith

Action                   || total
-------------------------++-------
Melee: Long sword        ||    25
 Abil: Dig               ||     1
  Use: Scroll            ||     1
Armor: Scale mail        ||     9
Dodge: Dodged            ||    11
Block: Buckler           ||     4

Table legend: (Time is in decaauts)
 A = Elapsed time spent in this place.
 B = Non-inter-level travel time spent in this place.
 C = Inter-level travel time spent in this place.
 D = Time resting spent in this place.
 E = Time spent auto-exploring this place.
 F = Levels seen in this place.
 G = Mean time per level.
                   A        B        C        D        E       F      G
               +--------+--------+--------+--------+--------+-----+--------+
         Total |    351 |    326 |     25 |      0 |    248 |   1 |  351.0 |
       Dungeon |    351 |    326 |     25 |      0 |    248 |   1 |  351.0 |
               +--------+--------+--------+--------+--------+-----+--------+

Top non-repeatable levels by time:
     D:1: 351 daAuts
